 Dungeon Crawl Stone Soup version 0.25-a0-927-g39f137c8b7 (webtiles) character file.

Game seed: 1221303208226136354, levelgen mode: deterministic

2303 Maedhros the Martial Artist (level 9, -11/53 HPs)
             Began as an Octopode Artificer on May 3, 2020.
             Mangled by an orc knight (16 damage)
             ... in a bailey.
             The game lasted 00:11:07 (5662 turns).

Maedhros the Martial Artist (Octopode Artificer)    Turns: 5662, Time: 00:11:08

Health: -11/53     AC:  3    Str: 12 (13) XL:     9   Next: 40%
Magic:  10/11      EV: 13    Int: 14      God:
Gold:   93         SH:  0    Dex: 15      Spells: 5/8 levels left

rFire    . . .     SeeInvis .     - Unarmed
rCold    . . .     Gourm    .   (no shield)
rNeg     . . .     Faith    .   (helmet restricted)
rPois    .         Spirit   .   h - amulet of magic regeneration
rElec    .         Reflect  .   j - +2 ring of strength
rCorr    .         Harm     .   q - ring of flight
MR       .....                  (no ring)
Stlth    ++++......             (no ring)
HPRegen  0.17/turn              (no ring)
MPRegen  0.37/turn              (no ring)
                                (no ring)
                                (no ring)

@: no status effects
A: almost no armour, stealthy swim, amphibious, 8 rings, constrict 8, thin
metallic scales 1, camouflage 1, blurry vision 1, deterioration 1, gelatinous
body 1
a: Evoke Flight


You were in a bailey.
You were not hungry.

You visited 2 branches of the dungeon, and saw 8 of its levels.
You also visited: Bailey.

You collected 93 gold pieces.

Inventory:

Hand Weapons
 a - a +0 short sword
Missiles
 n - 26 poisoned darts (quivered)
Jewellery
 h - an amulet of magic regeneration (around mantle)
 j - a +2 ring of strength (left tentacle)
 q - a ring of flight (right tentacle)
Wands
 b - a wand of flame (12)
Scrolls
 e - 8 scrolls of remove curse
 i - a scroll of random uselessness
 k - 6 scrolls of identify
 l - a scroll of amnesia
 m - 2 scrolls of blinking {unknown}
 o - 2 scrolls of teleportation {unknown}
 p - a scroll of fear {unknown}
 r - a scroll of fog {unknown}
 s - a scroll of enchant armour {unknown}
 u - a scroll of torment {unknown}
Comestibles
 f - 9 rations


   Skills:
 - Level 1.0 Fighting
 - Level 1.0 Short Blades
 - Level 2.0 Dodging
 - Level 4.0 Stealth
 - Level 10.0 Unarmed Combat
 * Level 6.4 Hexes
 - Level 3.2 Evocations


You had 5 spell levels left.
You knew the following spells:

 Your Spells              Type           Power        Failure   Level  Hunger
a - Tukima's Dance        Hex            ###.....     6%          3    ####...

Your spell library contained the following spells:

 Spells                   Type           Power        Failure   Level  Hunger
 Corona                   Hex            ###....      2%          1    ##.....
 Confusing Touch          Hex            ###.....     6%          3    ####...
 Ensorcelled Hibernation  Hex/Ice        #.....       12%         2    ###....
 Dazzling Flash           Conj/Hex       #.....       24%         3    ####...


Dungeon Overview and Level Annotations

Branches:
Dungeon (7/15)             Temple (1/1) D:6          Bailey (1/1)

Altars:
Ashenzari
Dithmenos
Elyvilon
Fedhas
Gozag
Hepliaklqana
Kikubaaqudgha
Makhleb
Nemelex Xobeh
Okawaru
Qazlal
Ru
Uskayaw
Vehumet
Wu Jian
Yredelemnul
Zin
The Shining One


Innate Abilities, Weirdness & Mutations

You cannot wear most types of armour.
You are very stealthy in the water. (Stealth+)
You are amphibious.
You can wear up to eight rings at the same time.
You can use your tentacles to constrict eight enemies at once.
Your skin changes colour to match your surroundings (Stealth+).
Your rubbery body absorbs attacks. (AC +1, EV +1)
You are partially covered in thin metallic scales. (AC +2)
Scrolls take you a little longer to read.
Your body sometimes deteriorates upon taking damage.


Message History

You completely miss the orc knight. Your grab misses the orc knight.
The orc knight is moderately wounded.
You barely miss the orc knight. Your grab misses the orc knight.
The orc knight is moderately wounded.
The orc knight closely misses you.
Your +0 war axe barely misses the orc knight.
You tentacle-slap the orc knight but do no damage.
You grab the orc knight.
You squeeze the orc knight, but do no damage.
The orc knight is moderately wounded.
You constrict the orc knight, but do no damage.
The orc knight hits you!
* * * LOW HITPOINT WARNING * * *
Your body deteriorates!
You feel weakened.
You tentacle-slap the orc knight but do no damage.
You squeeze the orc knight, but do no damage.
The orc knight is moderately wounded.
You constrict the orc knight, but do no damage.
Your +0 war axe hits the orc knight.
The orc knight hits you!
You die...

♣##%))##♣♣ ##)....##
#...)...# ##.o..)..##
#..)).....#
##.......).##
#######...).⌠.....#
##.....##))g......##
#.....@)+oo......g').
##.....o[##.......##..
#.....(.).#.......#
.o.
##.........##.....##
g. #.....⌠....)#######
##.........##
#.........#
##.......## #.......#


You could see an orc knight and a friendly +0 war axe.

Vanquished Creatures
  An orc knight (Bailey)
  Eustachio (D:5)
  An orc warrior (Bailey)
  A sky beast (D:5)
  2 ogres
  3 centaurs (D:6)
  2 hounds
  2 bullfrogs
  A scorpion (D:6)
  2 crimson imps (D:5)
  A bullfrog zombie (D:6)
  A centaur zombie (D:7)
  A bullfrog skeleton (D:4)
  2 orc priests (D:5)
  An orc wizard (D:4)
  5 worker ants
  2 hound skeletons
  7 gnolls (Bailey)
  10 adders
  A shadow imp (D:5)
  An ooze (D:2)
  An adder skeleton (D:5)
  A worm (D:4)
  2 dart slugs
  5 leopard geckos
  21 orcs
  2 ball pythons
  2 giant cockroaches
  17 goblins
  14 hobgoblins
  6 jackals
  3 kobolds
  3 quokkas
  3 bats
  A frilled lizard (D:3)
  A jackal zombie (D:5)
  A leopard gecko zombie (D:5)
  4 rats
135 creatures vanquished.

Vanquished Creatures (collateral kills)
  An orc warrior (Bailey)
  An ogre (D:4)
  3 orcs (Bailey)
  3 goblins (Bailey)
  2 hobgoblins (Bailey)
  A leopard gecko skeleton (D:5)
11 creatures vanquished.

Vanquished Creatures (others)
  An orc knight (Bailey)
  3 dancing weapons (Bailey)
  2 orc warriors (Bailey)
6 creatures vanquished.

Grand Total: 152 creatures vanquished

Notes
Turn   | Place    | Note
-------+----------+-------------------------------------------
     0 | D:1      | Maedhros the Octopode Artificer began the quest for the
                  | Orb.
     0 | D:1      | Reached XP level 1. HP: 13/13 MP: 3/3
   135 | D:2      | Found a shattered altar of Ashenzari.
   165 | D:2      | Found a faded altar of an unknown god.
   179 | D:2      | Reached XP level 2. HP: 8/18 MP: 4/4
   183 | D:2      | Became a worshipper of Elyvilon the Healer
   183 | D:2      | Reached * piety under Elyvilon
   273 | D:2      | Found a shadowy altar of Dithmenos.
   362 | D:2      | Noticed a bullfrog
   364 | D:2      | Killed a bullfrog
   364 | D:2      | Reached skill level 2 in Unarmed Combat
   364 | D:2      | Reached XP level 3. HP: 8/23 MP: 5/5
   364 | D:2      | Reached XP level 4. HP: 10/28 MP: 6/6
   481 | D:2      | Reached skill level 3 in Unarmed Combat
   495 | D:2      | Found a basalt altar of Yredelemnul.
   796 | D:3      | Reached XP level 5. HP: 22/33 MP: 7/7
   935 | D:4      | Reached ** piety under Elyvilon
   944 | D:4      | Noticed an ogre
   977 | D:3      | You fall into a shaft and drop 1 floor!
  1007 | D:4      | Reached skill level 4 in Unarmed Combat
  1063 | D:5      | Entered Level 5 of the Dungeon
  1401 | D:4      | Reached XP level 6. HP: 22/38 MP: 8/8
  1596 | D:4      | Reached skill level 5 in Unarmed Combat
  1641 | D:4      | Was placed under penance by Elyvilon
  1644 | D:4      | Fell from the grace of Elyvilon
  1823 | D:4      | Reached skill level 6 in Unarmed Combat
  1921 | D:5      | Reached XP level 7. HP: 41/43 MP: 9/9
  2349 | D:5      | Reached skill level 7 in Unarmed Combat
  2532 | D:5      | Noticed Eustachio
  2545 | D:5      | Killed Eustachio
  2571 | D:5      | Found a sacrificial altar of Ru.
  2661 | D:5      | Reached skill level 8 in Unarmed Combat
  3049 | D:5      | Reached XP level 8. HP: 27/48 MP: 10/10
  3247 | D:6      | Found a stormy altar of Qazlal.
  3257 | D:6      | Reached skill level 9 in Unarmed Combat
  4155 | D:6      | Found a staircase to the Ecumenical Temple.
  4280 | Temple   | Entered the Ecumenical Temple
  4539 | D:7      | Found a flagged portal.
  4546 | D:7      | Learned a level 3 spell: Tukima's Dance
  4623 | D:7      | Reached skill level 1 in Hexes
  4833 | Bailey   | Entered a bailey
  5252 | Bailey   | Reached skill level 10 in Unarmed Combat
  5330 | Bailey   | Noticed an orc knight
  5335 | Bailey   | Gained mutation: Your body sometimes deteriorates upon
                  | taking damage. [potion of mutation]
  5335 | Bailey   | Gained mutation: Scrolls take you a little longer to read.
                  | [potion of mutation]
  5335 | Bailey   | Gained mutation: You are partially covered in thin metallic
                  | scales. (AC +2) [potion of mutation]
  5339 | Bailey   | Reached XP level 9. HP: 5/53 MP: 8/11
  5414 | Bailey   | Killed an orc knight
  5563 | Bailey   | HP: 2/53 [orc warrior/+0 war axe (23)]
  5583 | Bailey   | Noticed an orc knight
  5589 | Bailey   | Noticed an orc knight
  5619 | Bailey   | Noticed an orc knight
  5620 | Bailey   | Noticed an orc knight
  5662 | Bailey   | Mangled by an orc knight

Levels and vault maps discovered:
D:1:      dpeg_arrival_triangle_fractal, layout_basic
D:2:      layout_basic, kennysheep_ying_yang, nicolae_overflow_hidden_temple,
          chequers_ecumenical_altar_simple_redux, first_ration,
          grunt_dithmenos_smoke
D:3:      layout_basic, grunt_ministairs_1
D:4:      layout_basic, serial_shops, shop, uniq_ijyb
D:5:      layout_loops_ring, nicolae_ru_awakened_eye, corexii_checkpoint_b,
          uniq_eustachio
D:6:      layout_basic, nicolae_overflow_crystal_walls,
          minmay_temple_entry_mini_moons, chequers_serial_rivers_small_b
D:7:      layout_cave_pools, enter_bailey_3
Temple:   nicolae_temple_figure_eight
Bailey:   bailey_axe_minmay_hex_keep, bailey

Skill      XL: |  1  2  3  4  5  6  7  8  9 |
---------------+----------------------------+-----
Stealth        | 2 4 |  4.0
Unarmed Combat | 2 3 4 6 8 10 | 10.0
Hexes          | 3 6 |  6.4
Fighting       | |  1.0
Short Blades   | |  1.0
Dodging        | |  2.0
Evocations     | |  3.2

Action                   |  1- 3 |  4- 6 |  7- 9 || total
-------------------------+-------+-------+-------++-------
Melee: Short sword       |    26 |    82 |       ||   108
       Dagger            |     7 |       |       ||     7
       Constrict         |     8 |    28 |    43 ||    79
       Tentacles         |     3 |    18 |    48 ||    69
       Unarmed           |       |     9 |   202 ||   211
       Punch             |       |       |     9 ||     9
 Cast: Tukima's Dance    |       |       |     5 ||     5
Invok: Renounce Religion |       |     1 |       ||     1
Evoke: Wand              |       |     9 |    38 ||    47
  Use: Scroll            |       |     3 |     2 ||     5
       Potion            |       |       |     2 ||     2
 Stab: Sleeping          |     1 |    10 |     8 ||    19
       Invisible         |       |       |     2 ||     2
  Eat: Chunk             |       |     3 |     9 ||    12
       Ration            |       |       |     1 ||     1
Armor: Skin              |    10 |     3 |     9 ||    22
Dodge: Dodged            |    27 |    61 |    75 ||   163

Table legend:
 A = Non-vault XP
 B = Vault XP
 C = Vault XP percentage of total XP
 D = Non-vault monster count
 E = Vault monster count
 F = Vault count percentage of total count
                 A         B        C        D         E       F
            +---------+---------+-------+---------+---------+-------
      Total |    1964 |    1326 |  40.3 |      92 |      55 |  37.4
            +---------+---------+-------+---------+---------+-------
        D:1 |       1 |       0 |   0.0 |       1 |       0 |   0.0
        D:2 |     143 |       0 |   0.0 |      17 |       0 |   0.0
        D:3 |      40 |       0 |   0.0 |      15 |       0 |   0.0
        D:4 |     331 |       0 |   0.0 |      14 |       0 |   0.0
        D:5 |     584 |     207 |  26.2 |      26 |       3 |  10.3
        D:6 |     564 |       0 |   0.0 |      12 |       0 |   0.0
        D:7 |     301 |       8 |   2.6 |       7 |       4 |  36.4
     Bailey |       0 |    1111 | 100.0 |       0 |      48 | 100.0
            +---------+---------+-------+---------+---------+-------
